 Dungeon Crawl Stone Soup version 0.24.0-13-gcf9b319 (webtiles) character file.

Game seed: 844438406518343372, levelgen mode: deterministic

572 Bronimir the Grave Robber (level 7, -7/57 HPs)
             Began as a Hill Orc Necromancer on Apr 5, 2020.
             Mangled by an ogre
             ... wielding a cursed -2 giant club
              (19 damage)
             ... on level 6 of the Dungeon.
             The game lasted 00:14:28 (7182 turns).

Bronimir the Grave Robber (Hill Orc Necromancer)    Turns: 7182, Time: 00:14:29

Health: -7/57      AC:  3    Str: 13    XL:     7   Next: 34%
Magic:  1/11       EV: 12    Int: 15    God:
Gold:   216        SH:  0    Dex: 11    Spells: 4/12 levels left

rFire    . . .     SeeInvis .   a - +0 war axe
rCold    . . .     Gourm    .   (no shield)
rNeg     . . .     Faith    .   g - +0 robe
rPois    .         Spirit   .   (no helmet)
rElec    .         Reflect  .   (no cloak)
rCorr    .         Harm     .   p - +0 pair of gloves
MR       .....     Rnd*Tele +   (no boots)
Stlth    +.........             (no amulet)
HPRegen  0.19/turn              n - ring of wizardry
MPRegen  0.12/turn              l - ring of teleportation (curse)

@: drained
A: no striking features
a: no special abilities


You were on level 6 of the Dungeon.
You were not hungry.

You visited 1 branch of the dungeon, and saw 6 of its levels.

You collected 216 gold pieces.

Inventory:

Hand Weapons
 a - a +0 war axe (weapon)
 b - a +0 shortbow
 k - a +0 dagger
 q - a +0 quarterstaff
 s - a +0 hunting sling
 t - a +0 spear
Missiles
 f - 176 stones
 i - 62 bolts
 j - 11 poisoned darts (quivered)
 u - 55 arrows
Armour
 g - a +0 robe (worn)
 p - a +0 pair of gloves (worn)
Jewellery
 h - an uncursed ring of resist corrosion
 l - a cursed ring of teleportation (right hand)
 m - an uncursed ring of flight {unknown}
 n - a ring of wizardry (left hand)
 o - an uncursed ring of resist corrosion
Scrolls
 d - a scroll of teleportation
 r - 3 scrolls of identify
 v - a scroll of magic mapping {unknown}
Potions
 e - a potion of brilliance
 w - 2 potions of curing
Comestibles
 c - 5 rations


   Skills:
 * Level 3.3(2.7) Fighting
 * Level 2.0 Axes
 + Level 2.1(1.7) Polearms
 * Level 0.6(0.1) Bows
 * Level 2.5(1.9) Armour
 + Level 2.1(1.6) Dodging
 - Level 1.5(0.9) Stealth
 + Level 3.0(2.4) Spellcasting
 * Level 5.6(4.9) Necromancy


You had 4 spell levels left.
You knew the following spells:

 Your Spells              Type           Power        Failure   Level  Hunger
a - Pain                  Necr           ###.         1%          1    #......
b - Animate Skeleton      Necr           N/A          1%          1    #......
c - Vampiric Draining     Necr           ###.......   3%          3    ###....
d - Regeneration          Chrm/Necr      #.........   9%          3    ###....

Your spell library contained the following spells:

 Spells                   Type           Power        Failure   Level  Hunger
 Animate Dead             Necr           N/A          11%         4    #####..


Dungeon Overview and Level Annotations

Branches:
Dungeon (6/15)
 Temple: D:4-7

Altars:
Fedhas
Makhleb
Ru
Xom


Message History

Casting: Vampiric Draining (safe; 3% risk of failure)
Confirm with . or Enter, or press ? or * to list all spells.
Aiming: Vampiric Draining (safe; 3% risk of failure)
Press: ? - help, Shift-Dir - straight line, f/p - ogre
Aim: an ogre, wielding a -2 giant club (heavily wounded)
The ogre is almost dead.
You feel life coursing into your body. The iguana barely misses you.
The ogre barely misses you.
Casting: Vampiric Draining (safe; 3% risk of failure)
Confirm with . or Enter, or press ? or * to list all spells.
You don't have enough magic to cast that spell.
Casting: Vampiric Draining (safe; 3% risk of failure)
Confirm with . or Enter, or press ? or * to list all spells.
Aiming: Pain (safe; 1% risk of failure)
Press: ? - help, Shift-Dir - straight line, f/p - ogre
Aim: an ogre, wielding a -2 giant club (almost dead, chance to defeat MR: 75%)
The ogre struggles to resist.
The iguana bites you!
* * * LOW HITPOINT WARNING * * *
The ogre hits you with a cursed -2 giant club!!
You die...

#### #
#..
#.##.#l#
#....O@#
#.##.###
#


You could see an ogre and an iguana.

Vanquished Creatures
  2 centaurs
  A crimson imp (D:4)
  2 orc wizards (D:4)
  2 hounds
  Jessica (D:2)
  An iguana (D:4)
  2 worker ants (D:4)
  6 adders
  3 gnolls (D:4)
  An ooze (D:4)
  A worm (D:3)
  A dart slug (D:1)
  2 leopard geckos
  7 orcs
  A giant cockroach (D:3)
  8 hobgoblins
  4 jackals (D:1)
  A quokka (D:3)
  10 bats
  2 frilled lizards (D:2)
  A giant cockroach zombie (D:5)
  6 goblins
  6 kobolds
  9 rats
80 creatures vanquished.

Notes
Turn   | Place    | Note
-------+----------+-------------------------------------------
     0 | D:1      | Bronimir the Hill Orc Necromancer began the quest for the
                  | Orb.
     0 | D:1      | Reached XP level 1. HP: 14/14 MP: 3/3
   357 | D:1      | Reached XP level 2. HP: 17/22 MP: 1/4
   420 | D:1      | Learned a level 1 spell: Animate Skeleton
   456 | D:1      | Reached skill level 1 in Fighting
   605 | D:1      | Reached skill level 1 in Armour
  1169 | D:1      | Reached XP level 3. HP: 9/28 MP: 1/5
  1578 | D:2      | Learned a level 3 spell: Vampiric Draining
  1847 | D:2      | Noticed Jessica
  1850 | D:2      | Killed Jessica
  1850 | D:2      | Reached XP level 4. HP: 33/35 MP: 2/7
  2036 | D:2      | Found a sacrificial altar of Ru.
  2416 | D:3      | Reached skill level 1 in Polearms
  2416 | D:3      | Reached XP level 5. HP: 4/40 MP: 0/8
  3590 | D:3      | Reached skill level 5 in Necromancy
  3931 | D:4      | Learned a level 3 spell: Regeneration
  3944 | D:4      | Noticed a centaur
  3950 | D:4      | HP: 1/41 [centaur (8)]
  4293 | D:4      | Reached XP level 6. HP: 46/48 MP: 0/9
  5039 | D:4      | Found a blossoming altar of Fedhas.
  5222 | D:4      | Found a sacrificial altar of Ru.
  5494 | D:4      | Found a burning altar of Makhleb.
  5496 | D:4      | Found a shimmering altar of Xom.
  5506 | D:4      | Paralysed by a crimson imp for 7 turns
  6398 | D:5      | Entered Level 5 of the Dungeon
  6401 | D:5      | Noticed a phantom
  6642 | D:4      | Reached XP level 7. HP: 40/56 MP: 4/11
  6652 | D:4      | HP: 1/57 [gnoll (6)]
  6988 | D:5      | Reached skill level 1 in Axes
  7182 | D:6      | Mangled by an ogre

Levels and vault maps discovered:
D:1:      dpeg_arrival_houses_and_road, layout_basic, solitary_fountain,
          fountainhead, minmay_tetromino_o2
D:2:      layout_basic, roderic_nine_men_s_morris, serial_bayou_pond_e,
          hangedman_ru_absence, uniq_jessica
D:3:      layout_rooms, first_ration
D:4:      layout_basic, grunt_temple_overflow_champion_of_chaos,
          kennysheep_mini_moat, fedhas_bush_and_centaur_altar
D:5:      layout_basic, nicolae_overflow_hidden_temple,
          chequers_serial_rivers_large_b, chequers_serial_rivers_marsh,
          minmay_manual_mail
D:6:      layout_loops_corners, kiku_gazebo_pond_becter, uniq_crazy_yiuf_cottage

Skill      XL: |  1  2  3  4  5  6  7 |
---------------+----------------------+-----
Fighting       | 1 2 3 |  3.3
Armour         | 1 2 |  2.5
Spellcasting   | 2 3 |  3.0
Polearms       | 1 2 |  2.1
Dodging        | 2 |  2.1
Necromancy     | 5 |  5.6
Axes           | 2 |  2.0
Bows           | |  0.6
Stealth        | |  1.5

Action                   |  1- 3 |  4- 6 |  7- 9 || total
-------------------------+-------+-------+-------++-------
Melee: Spear             |    65 |   102 |       ||   167
       Unarmed           |     2 |       |       ||     2
       War axe           |       |    60 |    18 ||    78
 Fire: Shortbow          |       |    23 |       ||    23
Throw: Dart              |     4 |       |       ||     4
 Cast: Pain              |    30 |    58 |     3 ||    91
       Animate Skeleton  |     1 |       |       ||     1
       Vampiric Draining |       |    15 |    11 ||    26
       Regeneration      |       |     1 |       ||     1
  Use: Scroll            |     2 |     3 |       ||     5
       Potion            |     1 |     2 |       ||     3
 Stab: Sleeping          |       |     2 |       ||     2
       Invisible         |       |     2 |       ||     2
       Distracted        |       |     1 |       ||     1
  Eat: Chunk             |     2 |     9 |     1 ||    12
       Ration            |       |     3 |     1 ||     4
Armor: Robe              |    13 |    32 |     7 ||    52
       Skin              |       |     3 |       ||     3
Dodge: Dodged            |    65 |   132 |    22 ||   219
